Workbook

Sheet Annex B
B1: EXPEDIENT | C1: SCS-2027-19 | D1: Subministrament d'un exoscopi i microscopis quirúrgics per al bloc quirúrgic de l'Hospital Universitari Arnau de Vilanova | E1: EMPRESA | F1: Nom a emplenar per l'empresa
E2: NIF | F2: NIF a emplenar per l'empresa
E3: Correu electrònic | F3: Correu electrònic a emplenar per l'empresa
A5: Nº de lot | B5: Nom del lot | C5: Codi | D5: Descripció | E5: Quantitat | F5: Marca/model
A6: Lot 1 | B6: Exoscopi HUAV | C6: 1540010800 | D6: Exoscopi quirúrgic | E6: 1 | F6: Marca/Model a emplenar per l'empresa
A7: Lot 2 | B7: Microscopis quirúrgics HUAV | C7: 1250500320 | D7: Microscopi quirúrgic per a ORL i maxil·lofacial amb fluorescència vascular | E7: 1 | F7: Marca/Model a emplenar per l'empresa
C8: 1540210200 | D8: Microscopi quirúrgic per a neurocirurgia d'altes prestacions | E8: 1 | F8: Marca/Model a emplenar per l'empresa
D11: Anar a la llegenda de grups de criteris a valorar

Sheet 1540010800
A1: 1540010800 | B1: Exoscopi quirúrgic
A2: ='Annex B'!C1 -> SCS-2027-19 | B2: EMPRESA | C2: ='Annex B'!F1 -> Nom a emplenar per l'empresa
B3: NIF | C3: ='Annex B'!F2 -> NIF a emplenar per l'empresa
B4: Correu electrònic | C4: ='Annex B'!F3 -> Correu electrònic a emplenar per l'empresa
A5: Nota: a la columna "Índex documental", cal indicar la ubicació exacta a la documentació aportada (full, apartat, etc.) on es troben les característiques tècniques així com, si es requereix, el servei tècnic i les condicions de manteniment. A la columna "Característiques específiques (Descripció breu)" cal afegir una breu descripció i els valors, rangs o quantitats que demana cada ítem de la fitxa tècnica.
B6: Definició | E6: Característiques específiques (Descripció breu) | F6: Índex documental
B7: Definició
B8: Equip adequat per a diverses disciplines que requereixin augment de l'àrea de treball quirúrgica (neurocirurgia cranial i espinal, otorrinolaringologia, etc.), permetent així el màxim confort per al cirurgià i la incorporació d'instrumentació i tècniques d'accés complex, gràcies a l'espai alliberat entre el camp quirúrgic i la càmera.
B9: Adjuntar marcatge CE
B10: Adjuntar product data
B11: Indicar marca i model | E11: ='Annex B'!F6 -> Marca/Model a emplenar per l'empresa
B13: Prestacions tècniques i funcionals | C13: Grup de criteri | D13: Puntuació màxima | E13: Característiques específiques (Descripció breu) | F13: Índex documental
B14: 1.1. Característiques tècniques i funcionals | D14: =SUM(D15:D48) -> 18.5
B15: Característiques d'obligat compliment: les ofertes que no compleixin tots els requisits obligatoris quedaran excloses
B16: Carro amb Robot per a posicionament
A17: 1 | B17: Sistema de posicionament semi-robotitzat que permet ubicar el capçal sense esforç, només amb l’acompanyament de la mà amb moviments de l’esmentat capçal en qualsevol dels eixos X, Y i Z
A18: =A17+1 -> 2 | B18: Estatiu de peu amb rodes antiestàtiques que permetin un fàcil desplaçament de l'equip
A19: =A18+1 -> 3 | B19: Sistema de frenat per a la immobilització de l'equip. Cal indicar-ne tipus
A20: =A19+1 -> 4 | B20: El cablejat ha d'estar el més integrat possible a l'estatiu per a una fàcil col·locació i posicionament de l'equip
A21: =A20+1 -> 5 | B21: Cal indicar-hi els moviments en els tres eixos del braç - girs i graus de llibertat-, moviments manuals i robotitzats
A22: =A21+1 -> 6 | B22: Cal indicar-hi els moviments en els tres eixos del capçal portacàmeres i orientacions de la càmera, amb angles de gir Orientació original: cal indicar l'angle d'inclinació habitual i de pàrquing (posició zero) Gir X (horitzontal) - ___º Gir Y (vertical) - ___º Gir Z (sobre si mateixa) - ___º
A23: =A22+1 -> 7 | B23: Màxima longitud i ergonomia del braç per facilitar el posicionament dins del camp quirúrgic, realitzant els mínims posicionament durant la cirurgia
B24: Càmera i adquisició d'imatge
A25: =A23+1 -> 8 | B25: Càmera articulable i orientable, amb mínim pes i màxima compacitat (indicar-ne les dimensions) i angles de rotació i orientació de la càmera (indicar-ne moviments robotitzats i manuals)
A26: =A25+1 -> 9 | B26: Càmera d'alta definició integrada en equip que pot treballar en 3D i 4K. Cal indicar-ne les dimensions i pes
A27: =A26+1 -> 10 | B27: Cal indicar de manera clara el tipus de càmera, marca, model i referència, així com les principals característiques i paràmetres. Indiqueu la matriu d'adquisició: (__x__) píxels - 4K
A28: =A27+1 -> 11 | B28: Zoom motoritzat. Zoom òptic mínim de fins a 10x. Indiqueu el rang de zoom òptic i la resolució en mm, i si disposa d'opció de zoom digital
A29: =A28+1 -> 12 | B29: Velocitat zoom, ràpid i lent, per a tot el recorregut del zoom
A30: =A29+1 -> 13 | B30: Distància focal variable
A31: =A30+1 -> 14 | B31: Autofocus
A32: =A31+1 -> 15 | B32: Funció focus manual i zoom manual al capçal
A33: =A32+1 -> 16 | B33: Indicar FOV Màxim zoom òptic Mínim zoom òptic
A34: =A33+1 -> 17 | B34: Indiqueu el grau IP de la càmera i els requeriments de neteja i desinfecció
A35: =A34+1 -> 18 | B35: Cal incloure-hi un joc de 10 ulleres 3D per equip
B36: Llum, fluorescència i filtres
A37: =A35+1 -> 19 | B37: Font llum LED. Indiqueu la durada de la bombeta (hores garantides - cal indicar si l'equip disposa de comptador d'hores per a la bombeta)
A38: =A37+1 -> 20 | B38: Regulació de llum manual i automàtica
A39: =A38+1 -> 21 | B39: Fluorescència IR per visualitzar el flux vascular després de l'anastomosi amb verd d'indocianina (ICG) i llum IR
A40: =A39+1 -> 22 | B40: Indiqueu si disposa d'altres modes de visualització addicionals
B41: Característiques a valorar
A42: =A40+1 -> 23 | B42: Capacitat d'ampliació de la imatge superior a la demanada (10x), mitjançant la combinació de zoom òptic i digital, aconseguint un zoom combinat igual o superior a 26x. | C42: FTA | D42: 3
A43: =A42+1 -> 24 | B43: Fluorescència blava per a resecció tumoral amb àcid 5-aminolevulínic (5-ALA) i filtre adient | C43: ANA | D43: 3
A44: =A43+1 -> 25 | B44: Opció d'altres filtres/mòduls de llum addicionals. Indiqueu si estan inclosos en l'oferta, es valorarà positivament que ho estiguin | C44: ANA | D44: 3
A45: =A44+1 -> 26 | B45: Mínima latència de la imatge entre els moviments i la visió al monitor. Indicar, en milisegons | C45: FTA | D45: 2
A46: =A45+1 -> 27 | B46: Aspectes que millorin el posicionament dels pacients i facilitin la feina dels cirurgians i col·locació de l'instrumental. Detallar. | C46: ANA, CP | D46: 1.5
A47: =A46+1 -> 28 | B47: Funcionament i ajustos automàtics i per l'usuari d'imatge disponibles: zoom, autofocus, balanç de blancs, ajustos de pantalla, per tal d'optimitzar en cada cas la visualització final. Indicar | C47: FTA | D47: 4
A48: =A47+1 -> 29 | B48: Màxima vida útil de la bombeta LED. Indicar en hores. | C48: FTA | D48: 2
B49: 1.2. Comandaments i visualització | D49: =SUM(D50:D61) -> 3.5
B50: Característiques d'obligat compliment: les ofertes que no compleixin tots els requisits obligatoris quedaran excloses
A51: =A48+1 -> 30 | B51: Comandament integrat en el carro/equip amb pantalla tàctil. Indiqueu-ne les funcionalitats i dimensions
A52: =A51+1 -> 31 | B52: Comandament amb pantalla tàctil (indiqueu mida) que permeti: — Configuració dels modes de fluoroscòpia — Configuració de presets — Programes específics — Cal indicar-ne totes les funcions
A53: =A52+1 -> 32 | B53: Permet memoritzar paràmetres i configuracions. Indiqueu les opcions
A54: =A53+1 -> 33 | B54: Indiqueu si el capçal de la càmera disposa de botons programables per a les funcions de l'usuari. Indiqueu-ne les funcions (es valoraran en la mostra)
A55: =A54+1 -> 34 | B55: Dues pantalles de visualització d'imatge 3D 4K de 55", amb suport rodable (indiqueu si es pot muntar també a l'estatiu, si és sense fil (wireless) o els requeriments de les connexions) Indiqueu la matriu de la pantalla (_____x_____ píxels). Prestacions de les millores de la imatge, luminàncies (cd/m2), relació de contrast i funcionalitats de muntatge (PiP, PoP, etc.)
A56: =A55+1 -> 35 | B56: Permet la configuració independent 2D o 3D per a cada pantalla
A57: =A56+1 -> 36 | B57: Indiqueu el grau IP de les pantalles (en cas de ser diferent cal indicar-ne frontal, laterals i posterior ) i requeriments de neteja i desinfecció
A58: =A57+1 -> 37 | B58: El conjunt ha de disposar de sortides per connectar a pantalla per visualitzar en 2D o 3D (amb ulleres)
A59: =A58+1 -> 38 | B59: Indiqueu la configuració final de totes les pantalles, amb mides i qualitats
B60: Característiques a valorar
A61: =A59+1 -> 39 | B61: Prestacions que millorin la qualitat de la imatge i, per tant, el tractament. Detallar. | C61: FTA, QI | D61: 3.5
B62: 1.3. Connectivitat i integració | D62: =SUM(D63:D76) -> 8
B63: Característiques d'obligat compliment: les ofertes que no compleixin tots els requisits obligatoris quedaran excloses
A64: =A61+1 -> 40 | B64: Gravadora amb sortida USB per extreure vídeo
A65: =A64+1 -> 41 | B65: Format de sortida que inclou 4K (3D/2D). Indiqueu-ne si inclou HD (3D/2D) Senyals de sortida, cal indicar-ne tipus Cal incloure-hi sortida USB per baixar les imatges enregistrades
A66: =A65+1 -> 42 | B66: Permet entrades de vídeo externes. Indiqueu-ne el nom i tipus d'entrades
A67: =A66+1 -> 43 | B67: Sistema d'enregistrament de continguts mèdics i gravació de procediments. Compliment de RGPD. Ha de disposar de memòria interna mínima de 0,8 TB. Indiqueu-ne la capacitat
A68: =A67+1 -> 44 | B68: Gravació en vídeo en 2D i 3D. Cal que detalleu el format i resolució (mínim HD). Indiqueu-ne el grau de compressió de les imatges
A69: =A68+1 -> 45 | B69: Compatible amb els estàndards DICOM 3.0. Cal incloure mòduls DICOM Worklist i Storage
A70: =A69+1 -> 46 | B70: Cal incloure DICOM 3.0 Conformance Statement
A71: =A70+1 -> 47 | B71: En cas que sigui necessari un PC per a fer operativa la solució s'ha d'incloure a l'oferta: el sistema preferiblement ha de quedar perfectament integrat al PC de l'Hospital (compatible al màxim amb el model TIC de CTTI de GenCat). En cas de la no possibilitat, detallar les característiques de l'equip que es subministrarà, que ha de ser compatible amb el sistema d'antivirus corporatiu i integrable en el domini (mitjançant la identificació usuari-contrasenya).
A72: =A71+1 -> 48 | B72: S'han d'incloure totes les instal·lacions i visites de servei tècnic per a la configuració del sistema i la instal·lació ha de seguir les indicacions d'informàtica
A73: =A72+1 -> 49 | B73: Indiqueu si inclou SAI, bateria o estabilitzadors, en cas de pics o fallada de la xarxa. Cal que especifiqueu si en aquest cas funciona tot l'equip o la solució és per mantenir les dades
B74: Característiques a valorar
A75: =A73+1 -> 50 | B75: Solucions d'emmagatzematge, edició i gestió d'imatges de vídeo per enviar a PACS i compartir-hi biblioteca de casos. Indiqueu l'oferta global presentada (presentar demo de la solució durant la valoració de la mostra, nombre de llicències, costos d'ampliació, condicions de seguretat/anonimització i protecció de dades) Presenteu l'oferta detallada amb arquitectura, elements inclosos a l'oferta i exclosos (amb cost), nombre de llicències i costos d'ampliació (cost per llicència addicional i model de llicenciament) i equips a connectar. | C75: CSI | D75: 4
A76: =A75+1 -> 51 | B76: Solucions que permetin interactuar amb altres centres o altres cirurgians del mateix centre (àudio i vídeo) per a consultes en temps real i qualitat diagnòstica. Propostes de formació en temps real per a personal que no entra a quiròfan i estudis de casos previs per entrenament. Propostes d'entrenament de cirurgians amb xarxes d'experts en l'ús de la nova tecnologia oferta. Cal presentar oferta detallada amb punts d'accés, arquitectura, elements inclosos a l'oferta i exclosos (amb cost), nombre de llicències i costos d'ampliació. Si no hi ha oferta, no es tindrà en compte aquesta millora. | C76: ANA | D76: 4
B77: 1.4. Accessoris, fungible i formació | D77: =SUM(D78:D95) -> 2
B78: Característiques d'obligat compliment: les ofertes que no compleixin tots els requisits obligatoris quedaran excloses
B79: Accessoris i fungible
A80: =A76+1 -> 52 | B80: Pedal sense fil (wireless)
A81: =A80+1 -> 53 | B81: Funda protectora estèril per a microscopi i dotació inicial de fungible per a 30 cirurgies per exoscopi
A82: =A81+1 -> 54 | B82: Tots els cables i connexions necessaris per al correcte funcionament de l'equip
A83: =A82+1 -> 55 | B83: Cal incloure-hi les targetes de referència fluorescències i balanç de blancs
A84: =A83+1 -> 56 | B84: Kit d'accessoris bàsics inicial. Especifiqueu-ne quins
A85: =A84+1 -> 57 | B85: Indiqueu-ne el joc d’eines necessari per dur a terme el manteniment rutinari de l’equip. Cal que es faci formació reglada i certificada als tècnics del centre per al manteniment dels equips (primera intervenció)
A86: =A85+1 -> 58 | B86: Emplenar el document "annex recanvis i fungibles": - Full recanvis: emplenar amb la relació de recanvis més freqüents exclusius del proveïdor (bombetes, lents, fonts de llum, càmera, pantalles, pedal, cargols...) i altres elements de reparació amb peces d'import superior a 1.000€ IVA inclòs. Si no s'indiquen en aquest annex, no es podrà facturar cap peça posteriorment superior a aquest import. - Fungibles: emplenar amb la relació de materials i fungibles exclusius del proveïdor necessaris per al correcte funcionament de l'equip. Si hi ha algun fungible necessari que no es faci constar a l'oferta, pot ser motiu de rescissió del contracte.
A87: =A86+1 -> 59 | B87: Dotació inicial de fungible per a l'inici de l'activitat. Si l'article no consta en el concurs de l'ICS, la dotació mínima serà d'un mes
A88: =A87+1 -> 60 | B88: Complements necessaris per a la desinfecció i neteja de tots els components
B89: Formació
A90: =A88+1 -> 61 | B90: El proveïdor es compromet a formar adequadament al personal assistencial, de manteniment i d’electromedicina del Centre (tots el torns) mitjançant cursets i documentació tècnica adient i l'indicat a continuació.
A91: =A90+1 -> 62 | B91: Les despeses corresponents van a càrrec de l’adjudicatari i la formació s'ha de fer segons indiqui el centre. L’horari de formació el proposarà el Centre.
A92: =A91+1 -> 63 | B92: Es realitzaran formacions als professionals en qualsevol torn del servei on s'implementi l'equip.
A93: =A92+1 -> 64 | B93: Cal incloure a l’oferta tècnica un programa de formació indicant la durada i el contingut d’aquest, detallat pels diferents perfils de professionals a que va adreçat l'equipament.
B94: Característiques a valorar
A95: =A93+1 -> 65 | B95: Es valorarà la proposta formativa a nivell d'usuari amb adaptació d'horaris, continguts, durada i seguiment. | C95: QSPV | D95: 2
B96: 1.5. Valoració de la mostra | D96: =SUM(D97:D101) -> 12
B97: Característiques a valorar
A98: =A95+1 -> 66 | B98: Qualitat de la imatge | C98: QI | D98: 5
A99: =A98+1 -> 67 | B99: Adequació a les necessitats assistencials | C99: ANA | D99: 3
A100: =A99+1 -> 68 | B100: Facilitat d'ús i ergonomia | C100: E/CP | D100: 2
A101: =A100+1 -> 69 | B101: Moviments i posicionament del microscopi. Estabilitat i robustesa. | C101: E/SP | D101: 2
...

Sheet 1250500320
A1: 1250500320 | B1: Microscopi quirúrgic per a ORL i maxil·lofacial amb fluorescència vascular
A2: ='Annex B'!C1 -> SCS-2027-19 | B2: EMPRESA | C2: ='Annex B'!F1 -> Nom a emplenar per l'empresa
B3: NIF | C3: ='Annex B'!F2 -> NIF a emplenar per l'empresa
B4: Correu electrònic | C4: ='Annex B'!F3 -> Correu electrònic a emplenar per l'empresa
A5: Nota: a la columna "Índex documental", cal indicar la ubicació exacta a la documentació aportada (full, apartat, etc.) on es troben les característiques tècniques així com, si es requereix, el servei tècnic i les condicions de manteniment. A la columna "Característiques específiques (Descripció breu)" cal afegir una breu descripció i els valors, rangs o quantitats que demana cada ítem de la fitxa tècnica.
B6: Definició | E6: Característiques específiques (Descripció breu) | F6: Índex documental
B7: Definició
B8: Microscopi quirúrgic per a ORL i maxil·lofacial amb fluorescència, amb estatiu de peu, per a presa de biòpsies i intervencions quirúrgiques
B9: Adjuntar marcatge CE
B10: Adjuntar product data
B11: Indicar marca i model | E11: ='Annex B'!F7 -> Marca/Model a emplenar per l'empresa
B13: Prestacions tècniques i funcionals | C13: Grup de criteri | D13: Puntuació màxima | E13: Característiques específiques (Descripció breu) | F13: Índex documental
B14: 1.1. Sistema òptic d'imatge i estatiu | D14: =SUM(D15:D52) -> 24
B15: Característiques d'obligat compliment: les ofertes que no compleixin tots els requisits obligatoris quedaran excloses
A16: 1 | B16: Microscopi amb estatiu de peu
A17: =A16+1 -> 2 | B17: Coobservació enfrontada per a cirurgià ajudant amb binocular de les mateixes característiques que les del cirurgià principal
A18: =A17+1 -> 3 | B18: Sistema d'aspiració per l'adaptació ràpida de la funda estèril en el braç del microscopi
B19: Sistema òptic:
A20: =A18+1 -> 4 | B20: Relació del zoom elèctric 1:6
A21: =A20+1 -> 5 | B21: Objectiu variable entre 230 i 480 mm aproximadament, sense necessitat de canviar les lents
A22: =A21+1 -> 6 | B22: Diàmetre del camp variable fins a 185 mm aproximadament
A23: =A22+1 -> 7 | B23: Dos oculars de gran angular inserible d'aproximadament 10 o 12,5x
A24: =A23+1 -> 8 | B24: Dos oculars de gran angular amb ajustament diòptric de +/- 5 aproximadament
A25: =A24+1 -> 9 | B25: Tub binocular per a cirurgià principal amb capacitat d'inclinació mínima de 0º a 180º, independentment del capçal del microscopi
A26: =A25+1 -> 10 | B26: Camp d'il·luminació automàticament ajustable al camp de visió
A27: =A26+1 -> 11 | B27: Correcció apocromàtica en tot el sistema òptic
A28: =A27+1 -> 12 | B28: Ha de disposar de binocular per a coobservació amb les mateixes característiques que les descrites per al binocular del cirurgià principal, tal i com s'indica al punt 2 de la fitxa
A29: =A28+1 -> 13 | B29: L'equip ha de disposar d'una pantalla tàctil en el cos d' estatiu on es configurin i visualitzin clarament totes les funcions del microscopi. El sistema ha d'estar preparat per poder memoritzar diferents configuracions de paràmetres
A30: =A29+1 -> 14 | B30: Control dels paràmetres i funcions de l'equip mitjançant les empunyadures amb botons programables
B31: Fluorescència:
A32: =A30+1 -> 15 | B32: Fluorescència vascular integrada amb longitud d'ona de 800 nm aproximadament per a ús amb verd indocianina
B33: Estatiu de peu:
A34: =A32+1 -> 16 | B34: Estatiu de peu amb rodes antiestàtiques que permetin un fàcil desplaçament de l'equip
A35: =A34+1 -> 17 | B35: Sistema de frenat electromagnètic per a una immobilització segura del microscopi
A36: =A35+1 -> 18 | B36: Braç articulat que mantingui el cos del microscopi en suspensió permetent moviment planetari (en els tres eixos x, y, z) de l' estatiu. Indicar longitud i alçada màxima i mínima.
A37: =A36+1 -> 19 | B37: Empunyadures per al control de les funcions del microscopi amb botons programables.
A38: =A37+1 -> 20 | B38: Moviment fi al pla XY controlat des de l'empunyadura sense necessitat de moure el microscopi
A39: =A38+1 -> 21 | B39: Empunyadura configurable per autofocus
A40: =A39+1 -> 22 | B40: Sistema d'equilibratge de l'equip automàtic
A41: =A40+1 -> 23 | B41: El cos del microscopi ha de disposar d'un mecanisme que permeti una fàcil inclinació del sistema amb la finalitat de millorar la visualització dels teixits enfocats
A42: =A41+1 -> 24 | B42: El cablatge ha d'estar integrat a l' estatiu el màxim possible per a una fàcil col·locació i posicionament de l'equip dins del quiròfan
B43: Pantalla d'interacció:
A44: =A42+1 -> 25 | B44: Pantalla tàctil per a control i visualització d'alta resolució de mida mínima 6''
B45: Característiques a valorar
A46: =A44+1 -> 26 | B46: Major rang de la distància de treball del objectiu | C46: FTA | D46: 5
A47: =A46+1 -> 27 | B47: Oculars amb ajust de diòptries des de -8 dpt fins a +5 dpt marcades a l'ocular | C47: FTA | D47: 4
A48: =A47+1 -> 28 | B48: Possibilitat de visualització per 4 binoculars sense necessitat de divisor òptic | C48: FTA | D48: 4
A49: =A48+1 -> 29 | B49: Majors dimensions de la pantalla de visualització | C49: FTA | D49: 3
A50: =A49+1 -> 30 | B50: Capacitat de memoritzar paràmetres de control de microscopi de diferents usuaris. Indicar capacitat d'aquesta memòria. | C50: FTA/ANA | D50: 3
A51: =A50+1 -> 31 | B51: Tub binocular principal amb capacitat d'extensió i amb rotació 360º | C51: FTA | D51: 2.5
A52: =A51+1 -> 32 | B52: Tub binocular principal amb extra de magnificació 50% sense necessitat de peces addicionals | C52: FTA | D52: 2.5
B53: 1.2. Il·luminació | D53: =SUM(D54:D58) -> 2
B54: Característiques d'obligat compliment: les ofertes que no compleixin tots els requisits obligatoris quedaran excloses
A55: =A52+1 -> 33 | B55: Font d'il·luminació principal xenó, apte per fluorescència. Sistema amb una altra bombeta xenó de recanvi de ràpida substitució al llarg de la intervenció i indicació d'ús de la bombeta auxiliar
A56: =A55+1 -> 34 | B56: Vida útil igual o superior a 20.000 hores aprox. Indicar
B57: Característiques a valorar
A58: =A56+1 -> 35 | B58: Vida útil de la bombeta superior a 20.000 hores. Indicar | C58: FTA | D58: 2
B59: 1.3 Sistema d'imatge: captura, processament, enregistrament i enviament de la imatge i documentació | D59: =SUM(D60:D77) -> 3
B60: Característiques d'obligat compliment: les ofertes que no compleixin tots els requisits obligatoris quedaran excloses
A61: =A58+1 -> 36 | B61: Resolució Full HD o 4K
A62: =A61+1 -> 37 | B62: Càmera de 3 xips o equivalent, per fluorescència
A63: =A62+1 -> 38 | B63: Connexió amb el monitor 4K
A64: =A63+1 -> 39 | B64: Captura d'imatges i vídeo digital. Permet enregistrament d'imatge i vídeo
A65: =A64+1 -> 40 | B65: Imatges en color
A66: =A65+1 -> 41 | B66: Permet enregistrar i emmagatzemar imatges i seqüències de vídeo en qualitat FHD
A67: =A66+1 -> 42 | B67: Permet intercanviar dades amb el sistema d'informació de l'hospital.
A68: =A67+1 -> 43 | B68: Processador d'imatges Full HD o 4K
A69: =A68+1 -> 44 | B69: Interfície DICOM i HL7 integrades
A70: =A69+1 -> 45 | B70: Protecció de dades del pacient
A71: =A70+1 -> 46 | B71: Diferents formats de imatge. Indicar
A72: =A71+1 -> 47 | B72: Memòria interna de 1TB
A73: =A72+1 -> 48 | B73: Entrada i sortida de vídeo. Indicar
... A75: =A74+1 -> 50 | B75: Amb tots els cables necessaris per al seu funcionament
B76: Característiques a valorar
A77: =A75+1 -> 51 | B77: Pantalla de visualització de grans dimensions de mínim 20" que integri les funcions de control, gravació i seguiment de cirurgia | C77: FTA | D77: 3
B78: 1.4. Connectivitat i integració | D78: =SUM(D79:D86) -> 0
B79: Característiques d'obligat compliment: les ofertes que no compleixin tots els requisits obligatoris quedaran excloses
A80: =A77+1 -> 52 | B80: Es realitzarà una revisió amb informàtica per protecció antivirus, maqueta HV, espai BBDD i integració amb SAP
A81: =A80+1 -> 53 | B81: Connectivitat als Sistemes d'Informació clínics del centre on s'instal·larà. L' equip ha de garantir l'exportació, enviament i integració de dades als diferents sistemes d'informació de l'Hospital. Cal descriure'n el model i les opcions
A82: =A81+1 -> 54 | B82: Enviament d'imatges en format DICOM (cal incloure totes les llicències per a la correcta integració: especificar i presentar DICOM Conformance Statement) i/o RAW al PACS de l'Hospital per poder recuperar-les després per a anàlisis posteriors.
A83: =A82+1 -> 55 | B83: L'equipament ha de disposar capacitat d’integració via protocol DICOM V3 amb els serveis DICOM: DICOM STORE SCU DICOM Worklist SCU
A84: =A83+1 -> 56 | B84: Compliment d'estàndard HL7 dels equips (cal adjuntar-hi document de conformitat amb estàndard HL7)
A85: =A84+1 -> 57 | B85: Sistema de protecció de dades per evitar-ne els furts, en compliment de la LOPD
A86: =A85+1 -> 58 | B86: Caldrà integrar-se amb els sistemes de comunicació, arxiu d'imatges digitals (PACS) i el HIS (SAP) i capacitat per poder-se integrar-se amb els sistemes d'informació departamental
B87: 1.5. Accessoris, fungible i formació | D87: =SUM(D88:D101) -> 2
B88: Característiques d'obligat compliment: les ofertes que no compleixin tots els requisits obligatoris quedaran excloses
B89: Accessoris i fungible
A90: =A86+1 -> 59 | B90: Cal incloure: —Funda protectora per a microscopi —Joc d'asèpsia, caputxons petits —Joc d'asèpsia, caputxons grans —Joc d'asèpsia per a manetes —Llum de recanvi
A91: =A90+1 -> 60 | B91: Tots els cables i connexions necessaris per al correcte funcionament de l'equip
A92: =A91+1 -> 61 | B92: Emplenar el document "annex recanvis i fungibles": - Full recanvis: emplenar amb la relació de recanvis més freqüents exclusius del proveïdor (bombetes, lents, fonts de llum, pantalles, pedal, cargols, filtres, oculars...) i altres elements de reparació amb peces d'import superior a 1.000€ IVA inclòs. Si no s'indiquen en aquest annex, no es podrà facturar cap peça posteriorment superior a aquest import. - Fungibles: emplenar amb la relació de materials i fungibles exclusius del proveïdor necessaris per al correcte funcionament de l'equip. Si hi ha algun fungible necessari que no es faci constar a l'oferta, pot ser motiu de rescissió del contracte.
A93: =A92+1 -> 62 | B93: Dotació inicial de fungible per a l'inici de l'activitat. Si l'article no consta en el concurs de l'ICS, la dotació mínima serà d'un mes
A94: =A93+1 -> 63 | B94: Bombeta auxiliar amb canvi automàtic per evitar fallida durant una intervenció o sistema de seguretat equivalent
B95: Formació
A96: =A94+1 -> 64 | B96: El proveïdor es compromet a formar adequadament al personal assistencial, de manteniment i d’electromedicina del Centre (tots el torns) mitjançant cursets i documentació tècnica adient i l'indicat a continuació.
A97: =A96+1 -> 65 | B97: Les despeses corresponents van a càrrec de l’adjudicatari i la formació s'ha de fer segons indiqui el centre. L’horari de formació el proposarà el Centre.
A98: =A97+1 -> 66 | B98: Es realitzaran formacions als professionals en qualsevol torn del servei on s'implementi l'equip.
A99: =A98+1 -> 67 | B99: Cal incloure a l’oferta tècnica un programa de formació indicant la durada i el contingut d’aquest, detallat pels diferents perfils de professionals a que va adreçat l'equipament.
B100: Característiques a valorar
A101: =A99+1 -> 68 | B101: Es valorarà la proposta formativa a nivell d'usuari amb adaptació d'horaris, continguts, durada i seguiment. | C101: QSPV | D101: 2
B102: 1.6. Valoració de la mostra | D102: =SUM(D103:D107) -> 12
...

Sheet 1540210200
A1: 1540210200 | B1: Microscopi quirúrgic per a neurocirurgia d'altes prestacions
A2: ='Annex B'!C1 -> SCS-2027-19 | B2: EMPRESA | C2: ='Annex B'!F1 -> Nom a emplenar per l'empresa
B3: NIF | C3: ='Annex B'!F2 -> NIF a emplenar per l'empresa
B4: Correu electrònic | C4: ='Annex B'!F3 -> Correu electrònic a emplenar per l'empresa
A5: Nota: a la columna "Índex documental", cal indicar la ubicació exacta a la documentació aportada (full, apartat, etc.) on es troben les característiques tècniques així com, si es requereix, el servei tècnic i les condicions de manteniment. A la columna "Característiques específiques (Descripció breu)" cal afegir una breu descripció i els valors, rangs o quantitats que demana cada ítem de la fitxa tècnica.
B6: Definició | E6: Característiques específiques (Descripció breu) | F6: Índex documental
B7: Definició
B8: Microscopi quirúrgic d'altes prestacions per a l'especialitat de neurocirurgia
B9: Adjuntar marcatge CE
B10: Adjuntar product data
B11: Indicar marca i model | E11: ='Annex B'!F8 -> Marca/Model a emplenar per l'empresa
B13: Prestacions tècniques i funcionals | C13: Grup de criteri | D13: Puntuació màxima | E13: Característiques específiques (Descripció breu) | F13: Índex documental
B14: 1.1. Sistema òptic d'imatge i estatiu | D14: =SUM(D15:D52) -> 22
B15: Característiques d'obligat compliment: les ofertes que no compleixin tots els requisits obligatoris quedaran excloses
A16: 1 | B16: Microscopi amb estatiu de peu
A17: =A16+1 -> 2 | B17: Equipat amb rodes giratòries en 360º
A18: =A17+1 -> 3 | B18: Sistema de frenat electromagnètic per a una immobilització segura del microscopi
A19: =A18+1 -> 4 | B19: Sistema integrat que permeti la maniobrabilitat del microscopi
A20: =A19+1 -> 5 | B20: De fàcil accés als components, com fungibles i reposicions, per realitzar possibles recanvis
A21: =A20+1 -> 6 | B21: Estatiu amb abast mínim o superior a 1,6 m per disposar de més flexibilitat a quiròfan
A22: =A21+1 -> 7 | B22: Binocular del cirurgià principal inclinable i rotable
B23: Òptica i pantalla d'interacció
A24: =A22+1 -> 8 | B24: Òptica apocromàtica amb zoom d'augment motoritzat 1:6
A25: =A24+1 -> 9 | B25: Rang mínim de distància de treball de entre 200 mm i 600 mm aproximadament sense peces addicionals ni lents extensores
A26: =A25+1 -> 10 | B26: Enfocament ràpid i precís. Motoritzat amb possibilitat d'enfocament manual
A27: =A26+1 -> 11 | B27: Oculars gran angular 10X amb ajustament diòptric, ajustament de distància interpupil·lar i correcció diòptrica per a cirurgià principal i coobservador
A28: =A27+1 -> 12 | B28: Enfocament i visualització de cavitats profundes. Cal descriure'ls
A29: =A28+1 -> 13 | B29: Monitor tàctil d'unitat de control per a maneig del microscopi quirúrgic
A30: =A29+1 -> 14 | B30: Mínim 3 binoculars, 2 en posicions enfrontades i el 3r en posició lateral
A31: =A30+1 -> 15 | B31: Autoenfocament
B32: Funcionament i ajust del sistema:
A33: =A31+1 -> 16 | B33: Empunyadures multifuncionals programables
A34: =A33+1 -> 17 | B34: Moviments motoritzats en els eixos X i Y per al control precís del microscopi
A35: =A34+1 -> 18 | B35: Balanç automàtic. Sistema d'autoequilibrat
A36: =A35+1 -> 19 | B36: Suport per a pantalla. Braç articulat amb possibilitat d'inclinació i rotació
A37: =A36+1 -> 20 | B37: Sistema d'aspiració de funda interconstruït en l'equip.
B38: Lents microscopi:
A39: =A37+1 -> 21 | B39: Els binoculars han de ser ajustables
A40: =A39+1 -> 22 | B40: Rotació de, com a mínim, 180º en tots els binoculars
A41: =A40+1 -> 23 | B41: Possibilitat d'inclinació en tots els binoculars
A42: =A41+1 -> 24 | B42: Oculars de 10X
B43: Fluorescència:
A44: =A42+1 -> 25 | B44: Mòduls de fluorescència integrats per a visualització intraoperatòria, tant vascular com tumoral. Els mòduls podran utilitzar-se amb 5–ALA (àcid 5-aminolevulínic) i verd d'indocianina.
B45: Característiques a valorar
A46: =A44+1 -> 26 | B46: Moviment robotitzat mitjançant la memorització de la posició, podent tornar i visualitzar aquesta regió amb exactament el mateix augment, la mateixa distància i igual enfocament. Indicar quantes posicions es poden guardar / recuperar | C46: FTA/ANA | D46: 5
A47: =A46+1 -> 27 | B47: Enfocament constant i precís en un punt concret, permetent el moviment del microscopi sense perdre el focus en qualsevol moment de la cirurgia amb la pulsació d'un botó | C47: FTA/ANA | D47: 5
A48: =A47+1 -> 28 | B48: Sistema d'aparcament, automàtic i guiat mitjançant la pulsació d'un botó, permetent sempre una posició d'aparcament igual de compacta | C48: FTA | D48: 2
A49: =A48+1 -> 29 | B49: Tub binocular principal amb capacitat d'extensió i amb rotació 360º | C49: FTA | D49: 2.5
A50: =A49+1 -> 30 | B50: Tub binocular principal amb extra de magnificació 50% | C50: FTA | D50: 2.5
A51: =A50+1 -> 31 | B51: Major rang d'ajust de diòptries als oculars | C51: FTA | D51: 3
A52: =A51+1 -> 32 | B52: Major distància de treball sense peces addicionals ni lent addicional extensora. Indicar | C52: FTA | D52: 2
B53: 1.2. Il·luminació | D53: =SUM(D54:D56) -> 0
B54: Característiques d'obligat compliment: les ofertes que no compleixin tots els requisits obligatoris quedaran excloses
A55: =A52+1 -> 33 | B55: Sistema de llum principal: xenó igual o major a 300W
A56: =A55+1 -> 34 | B56: Camp d'il·luminació ajustable de forma autònoma per evitar lesions en els teixits
B57: 1.3. Connectivitat i integració | D57: =SUM(D59:D70) -> 3
B58: Característiques d'obligat compliment: les ofertes que no compleixin tots els requisits obligatoris quedaran excloses
A59: =A56+1 -> 35 | B59: Connectors integrats per permetre la connexió amb altres dispositius. Per a la connexió a monitors externs, mínim hi ha d'haver: HDMI, S-vídeo i DVI
A60: =A59+1 -> 36 | B60: Connexió Ethernet i/o Wi-Fi
A61: =A60+1 -> 37 | B61: Capacitat d'emmagatzematge intern com a mínim d'1 TB
A62: =A61+1 -> 38 | B62: Monitor de visualització de 24", com a mínim
A63: =A62+1 -> 39 | B63: Càmera de vídeo d'alta definició FULL HD, gravadora i monitor FULL HD. Tots tres elements han d'estar integrats a l'estatiu del microscopi, sense cablejat extern
A64: =A63+1 -> 40 | B64: Sistema de registre i visualització FHD
A65: =A64+1 -> 41 | B65: Mòdul de navegació per a integrar amb el neuronavegador del centre (brainlab)
A66: =A65+1 -> 42 | B66: Enviament d'imatges en format DICOM (cal incloure totes les llicències per a la correcta integració: especificar i presentar DICOM Conformance Statement) i/o RAW al PACS de l'Hospital per poder recuperar-les després per a anàlisis posteriors.
B67: Característiques a valorar
A68: =A66+1 -> 43 | B68: Major capacitat d'emmagatzematge, superior a la demanada | C68: FTA | D68: 1
A69: =A68+1 -> 44 | B69: Monitor de visualització 4K | C69: FTA | D69: 1
A70: =A69+1 -> 45 | B70: Càmera de vídeo 4K | C70: FTA | D70: 1
B71: 1.4. Accessoris, fungible i formació | D71: =SUM(D72:D85) -> 4
B72: Característiques d'obligat compliment: les ofertes que no compleixin tots els requisits obligatoris quedaran excloses
A73: =A70+1 -> 46 | B73: Accessoris bàsics inclosos a l'oferta: —funda protectora per a microscopi —joc d'asèpsia, caputxons petits —joc d'asèpsia, caputxons grans —joc d'asèpsia per a manetes
A74: =A73+1 -> 47 | B74: Tots els cables i connexions necessaris per al correcte funcionament de l'equip
A75: =A74+1 -> 48 | B75: Emplenar el document "annex recanvis i fungibles": - Full recanvis: emplenar amb la relació de recanvis més freqüents exclusius del proveïdor (bombetes, lents, fonts de llum, pantalles, pedal, cargols, filtres, oculars...) i altres elements de reparació amb peces d'import superior a 1.000€ IVA inclòs. Si no s'indiquen en aquest annex, no es podrà facturar cap peça posteriorment superior a aquest import. - Fungibles: emplenar amb la relació de materials i fungibles exclusius del proveïdor necessaris per al correcte funcionament de l'equip. Si hi ha algun fungible necessari que no es faci constar a l'oferta, pot ser motiu de rescissió del contracte.
A76: =A75+1 -> 49 | B76: Dotació inicial de fungible per a l'inici de l'activitat. Si l'article no consta en el concurs de l'ICS, la dotació mínima serà d'un mes
A77: =A76+1 -> 50 | B77: Bombeta auxiliar amb canvi automàtic per evitar fallida durant una intervenció o sistema de seguretat equivalent
B78: Formació
A79: =A77+1 -> 51 | B79: El proveïdor es compromet a formar adequadament al personal assistencial, de manteniment i d’electromedicina del Centre (tots el torns) mitjançant cursets i documentació tècnica adient i l'indicat a continuació.
A80: =A79+1 -> 52 | B80: Les despeses corresponents van a càrrec de l’adjudicatari i la formació s'ha de fer segons indiqui el centre. L’horari de formació el proposarà el Centre.
A81: =A80+1 -> 53 | B81: Es realitzaran formacions als professionals en qualsevol torn del servei on s'implementi l'equip.
A82: =A81+1 -> 54 | B82: Cal incloure a l’oferta tècnica un programa de formació indicant la durada i el contingut d’aquest, detallat pels diferents perfils de professionals a que va adreçat l'equipament.
B83: Característiques a valorar
A84: =A82+1 -> 55 | B84: Pedal sense fils de 12 funcions | C84: FTA | D84: 2
A85: =A84+1 -> 56 | B85: Es valorarà la proposta formativa a nivell d'usuari amb adaptació d'horaris, continguts, durada i seguiment. | C85: QSPV | D85: 2
B86: 1.5. Valoració de la mostra | D86: =SUM(D87:D91) -> 12
B87: Característiques a valorar
A88: =A85+1 -> 57 | B88: Qualitat de la imatge | C88: QI | D88: 6
A89: =A88+1 -> 58 | B89: Adequació a les necessitats assistencials | C89: ANA | D89: 2
A90: =A89+1 -> 59 | B90: Facilitat d'ús i ergonomia | C90: E/CP | D90: 2
A91: =A90+1 -> 60 | B91: Moviments i posicionament del microscopi. Estabilitat i robustesa. | C91: E/SP | D91: 2
B93: Servei tècnic durant el període de garantia comercial/legal | C93: Grup de criteri | D93: Puntuació màxima | E93: Característiques específiques (Descripció breu) | F93: Índex documental
B94: Servei tècnic durant el període de garantia comercial/legal
B95: Característiques d'obligat compliment: les ofertes que no compleixin tots els requisits obligatoris quedaran excloses
A96: =A91+1 -> 61 | B96: Veure Annex T2. Condicions d'instal·lació
B98: ATENCIÓ: Al sobre B NO s'ha d'esmentar la informació relativa als criteris que s'avaluen al sobre C | F98: Anar al full Annex B

Sheet Llegenda grup de criteri
B2: Grups de criteri a valorar
B3: Funcionalitat tècnica i assistencial dels equips | C3: FTA
B4: Adequació a les necessitats assistencials | C4: ANA
B5: Qualitat de la imatge | C5: QI
B6: Seguretat del pacient i/o professional | C6: SP
B7: Confort del pacient i/o professional | C7: CP
B8: Qualitat del servei post venta | C8: QSPV
B9: Connectivitat de l’equip als sistemes informàtics | C9: CSI
B12: Anar al full Annex B
